 Dungeon Crawl Stone Soup version 0.25.0-65-g31bcc41 (webtiles) character file.

2124 Dorkslayer the Shield-Bearer (level 9, -7/54 HPs)
             Began as a Gargoyle Fighter on Nov 14, 2020.
             Was an Elder of Okawaru.
             Mangled by a troll (13 damage)
             ... on level 2 of the Dungeon.
             The game lasted 00:05:22 (1622 turns).

Dorkslayer the Shield-Bearer (Gargoyle Fighter)     Turns: 1622, Time: 00:05:22

Health: -7/54      AC: 14    Str: 23    XL:     9   Next: 29%
Magic:  8/9        EV: 10    Int:  9    God:    Okawaru [****..]
Gold:   63         SH: 10    Dex:  9    Spells: 8/8 levels left

rFire    . . .     SeeInvis .   l - -2 short sword (curse)
rCold    . . .     Gourm    .   c - +0 shield
rNeg     + . .     Faith    .   b - +0 scale mail
rPois    ∞         Spirit   .   (no helmet)
rElec    +         Reflect  .   (no cloak)
rCorr    .         Harm     .   (no gloves)
MR       .....                  (no boots)
Stlth    ..........             (no amulet)
HPRegen  0.18/turn              (no ring)
MPRegen  0.11/turn              (no ring)

@: very slightly contaminated, invisible
A: hooves 1, negative energy resistance 1, electricity resistance, unbreathing,
petrification resistance, rot immunity, sturdy frame 1, AC +6
a: Heroism, Renounce Religion


You were on level 2 of the Dungeon.
You worshipped Okawaru.
Okawaru was greatly pleased with you.
You were not hungry.

You visited 2 branches of the dungeon, and saw 3 of its levels.

You collected 63 gold pieces.

Inventory:

Hand Weapons
 a - a +0 long sword
 e - a +3 short sword of freezing
 l - a cursed -2 short sword (weapon)
Armour
 b - a +0 scale mail (worn)
 c - a +0 shield (worn)
Comestibles
 f - 6 rations


   Skills:
 + Level 5.4 Fighting
 + Level 5.9(6.1) Short Blades
 + Level 1.8(4.2) Long Blades
 + Level 6.2 Armour
 + Level 4.0 Dodging
 + Level 1.0 Stealth
 + Level 6.9 Shields
 + Level 0.3 Invocations


You had 8 spell levels left.
You didn't know any spells.
Your spell library was empty.

Dungeon Overview and Level Annotations

Branches:
Dungeon (2/3)              Temple (1/1) D:1
  Swamp: D:2-3       Shoals: D:2-3        Snake: D:2-3       Spider: D:2-3
  Slime: D:2-3          Orc: D:2         Vaults: D:2-3

Altars:
Ashenzari
Elyvilon
Gozag
Hepliaklqana
Makhleb
Nemelex Xobeh
Okawaru
Qazlal
Ru
Trog
Uskayaw
Vehumet
Xom
Zin
The Shining One


Innate Abilities, Weirdness & Mutations

You are resistant to torment.
Your stone body is resilient. (AC +6)
You are immune to poison.
You resist negative energy. (rN+)
You are resistant to electric shocks. (rElec)
You can survive without breathing.
You are immune to petrification.
You are immune to rotting.
You have large cloven feet.
Your movements are slightly less encumbered by armour. (ER -2)


Message History

You are very lightly contaminated with residual magic.
You barely miss the troll. Your kick misses the troll.
The troll is severely wounded.
The troll bites you but does no damage. The troll claws you.
* * * LOW HITPOINT WARNING * * *
The troll claws you but does no damage.
You hit the troll but do no damage. Your kick misses the troll.
The troll is severely wounded.
You block the troll's attack. The troll closely misses you.
You block the troll's attack.
You catch the helpless troll completely off-guard!
You puncture the troll!
The troll is almost dead.
The troll bites you but does no damage. The troll closely misses you.
The troll barely misses you.
You strike the helpless troll from behind!
You hit the troll.
The troll is almost dead.
The troll bites you!
You die...

#...###### ##.## #.#
#.# #.# #.# #.#
#.################.#
#............@T....#
####################


You could see a troll.

Vanquished Creatures
  An ice beast (D:1)
  A howler monkey (D:1)
  5 wights (D:1)
  A crimson imp (D:1)
  A jelly (D:1)
  An adder skeleton (D:1)
  An adder zombie (D:1)
  A worm (D:1)
  A giant cockroach (D:1)
  A quokka (D:1)
14 creatures vanquished.

Notes
Turn   | Place    | Note
-------+----------+-------------------------------------------
     0 | D:1      | Dorkslayer the Gargoyle Fighter began the quest for the
                  | Orb.
     0 | D:1      | Reached XP level 1. HP: 14/14 MP: 1/1
    16 | D:1      | Found a stormy altar of Qazlal.
    26 | D:1      | Found a hide-covered altar of Uskayaw.
    54 | D:1      | Found a bloodstained altar of Trog.
    84 | D:1      | Found a glowing golden altar of the Shining One.
   113 | D:1      | Found a shattered altar of Ashenzari.
   222 | D:1      | Noticed a crimson imp
   250 | D:1      | Found a white marble altar of Elyvilon.
   294 | D:1      | Reached XP level 2. HP: 17/19 MP: 2/2
   349 | D:1      | Found a staircase to the Ecumenical Temple.
   358 | Temple   | Entered the Ecumenical Temple
   381 | Temple   | Became a worshipper of Warmaster Okawaru
   492 | D:1      | Reached XP level 3. HP: 6/23 MP: 3/3
   504 | D:1      | Gained mutation: You have large cloven feet. [potion of
                  | mutation]
   504 | D:1      | Gained mutation: Your movements are slightly less
                  | encumbered by armour. (ER -2) [potion of mutation]
   596 | D:1      | Reached skill level 1 in Short Blades
   674 | D:1      | Found a glowing silver altar of Zin.
   686 | D:1      | Reached * piety under Okawaru
   686 | D:1      | Reached skill level 1 in Dodging
   686 | D:1      | Reached XP level 4. HP: 17/29 MP: 4/4
   686 | D:1      | Reached XP level 5. HP: 19/33 MP: 5/5
   686 | D:1      | Reached XP level 6. HP: 22/38 MP: 6/6
   777 | D:1      | Reached ** piety under Okawaru
   873 | D:1      | Reached XP level 7. HP: 16/44 MP: 7/7
   901 | D:1      | Reached skill level 5 in Shields
   912 | D:1      | Reached *** piety under Okawaru
   912 | D:1      | Reached skill level 5 in Armour
   912 | D:1      | Reached XP level 8. HP: 15/48 MP: 8/8
   932 | D:1      | Reached skill level 5 in Fighting
   932 | D:1      | Reached skill level 5 in Short Blades
   952 | D:1      | Reached skill level 1 in Stealth
  1033 | D:1      | Reached **** piety under Okawaru
  1033 | D:1      | Reached XP level 9. HP: 11/54 MP: 9/9
  1270 | D:1      | Found a radiant altar of Vehumet.
  1599 | D:2      | Noticed a troll
  1622 | D:2      | Mangled by a troll

Skill      XL: |  1  2  3  4  5  6  7  8  9 |
---------------+----------------------------+-----
Short Blades   | 2 4 5 |  5.9
Shields        | 4 5 6 |  6.9
Fighting       | 4 5 |  5.4
Armour         | 4 5 6 |  6.2
Dodging        | 1 2 3 4 |  4.0
Stealth        | 1 |  1.0
Long Blades    | |  1.8
Invocations    | |  0.3

Action                   |  1- 3 |  4- 6 |  7- 9 || total
-------------------------+-------+-------+-------++-------
Melee: Short sword       |   117 |    41 |   136 ||   294
       Kick              |    11 |    12 |    41 ||    64
Invok: Heroism           |       |       |     2 ||     2
  Use: Scroll            |     5 |       |       ||     5
       Potion            |     3 |       |     1 ||     4
 Stab: Invisible         |       |       |     2 ||     2
  Eat: Ration            |       |       |     1 ||     1
Armor: Scale mail        |    42 |     7 |    38 ||    87
Dodge: Dodged            |    37 |    12 |    32 ||    81
Block: Shield            |    38 |     8 |    48 ||    94
